 Dungeon Sprint DCSS version 0.29.1-2-gbd0b4ee654 (webtiles) character file.

Game seed: 14179102486626416440

9100000 Zeld the Heavyweight Champion (level 27, -1/323 HPs)
             Began as a Troll Monk on Oct 28, 2022.
             Was the Champion of Makhleb.
             Slain by The Servant
             ... wielding a +9 glaive of flaming
              (14 damage)
             ... in the Dungeon (Sprint VIII: "Arena of Blood").
             The game lasted 00:03:34 (91 turns).

Zeld the Heavyweight Champion (Troll Monk)            Turns: 91, Time: 00:03:35

Health: -1/323     AC:  6    Str: 37    XL:     27
Magic:  34/45      EV: 21    Int:  6    God:    Makhleb [******]
Gold:   0          SH:  0    Dex: 12    Spells: 65/65 levels left

rFire   . . .      SeeInvis .   i - +∞ Axe of Woe
rCold   . . .      Faith    .   (shield currently unavailable)
rNeg    . . .      Spirit   .   a - +0 robe
rPois   .          Reflect  .   (helmet restricted)
rElec   .          Harm     .   (no cloak)
rCorr   .          Rampage  .   (gloves unavailable)
Will    ++...      NoTele   +   (boots unavailable)
Stlth   +++++++++.              (no amulet)
HPRegen 1.43/turn               j - +250 ring of slaying
MPRegen 0.29/turn               k - +250 ring of slaying

@: slowed, very slow
A: large, unfitting armour, claws 3, regeneration 1, shaggy fur 1, tough skin 1
a: Renounce Religion, Minor Destruction, Lesser Servant of Makhleb, Major
Destruction, Greater Servant of Makhleb


You were in the Dungeon.
You worshipped Makhleb.
Makhleb was exalted by your worship.
You visited 1 branch

Inventory:

Hand Weapons
 i - the +∞ Axe of Woe (weapon)
   (You found it in the Dungeon)
Armour
 a - a +0 robe (worn)
Jewellery
 j - a +250 ring of slaying (left claw)
 k - a +250 ring of slaying (right claw)
Scrolls
 h - a scroll of blinking
Potions
 b - a potion of ambrosia
 c - a potion of curing
 d - a potion of heal wounds
 e - a potion of haste
 f - 2 potions of magic
 g - a potion of berserk rage


   Skills:
 O Level 27 Fighting
 + Level 25.0(27) Short Blades
 + Level 24.7(27) Long Blades
 O Level 27 Axes
 + Level 26.6(27) Maces & Flails
 + Level 24.7(27) Polearms
 + Level 24.7(27) Staves
 + Level 21.2 Ranged Weapons
 O Level 27 Throwing
 + Level 25.0 Armour
 O Level 27 Dodging
 O Level 27 Stealth
 O Level 27 Shields
 O Level 27 Unarmed Combat
 + Level 19.9 Spellcasting
 + Level 23.2 Conjurations
 + Level 23.4 Hexes
 + Level 23.2 Summonings
 + Level 25.0 Necromancy
 + Level 23.2 Translocations
 + Level 23.2 Transmutations
 + Level 25.2 Fire Magic
 + Level 25.2 Ice Magic
 + Level 23.4 Air Magic
 O Level 27 Earth Magic
 + Level 25.2 Poison Magic
 O Level 27 Invocations
 + Level 25.2 Evocations


You had 65 spell levels left.
You didn't know any spells.
Your spell library was empty.

Dungeon Overview and Level Annotations

Branches:
Dungeon (1/1)

Altars:
Makhleb

Annotations:
D The Servant


Innate Abilities, Weirdness & Mutations

You are too large for most types of armour.
You have claws for hands.
Your natural rate of healing is unusually fast.
You are covered in fur. (AC +1)
You have tough skin. (AC +1)


Message History

You kill the bag of meat!
Makhleb accepts your kill.
You open the bag of meat like a pillowcase!!!!!!
You cleave the bag of meat in twain.
You kill the bag of meat!
Makhleb accepts your kill.
You feel better.
You slice the bag of meat like a ripe choko!!!!
You pulverise the bag of meat into a thin bloody mist.
You kill the bag of meat!
Makhleb accepts your kill.
You feel better.
You are engulfed in blazing flames.
You hear a shout! x6
The Servant hits you from afar with a +9 glaive of flaming!!!
The Servant burns you!
You hear a shout!
An accursed comes into view.
You hear a shout! x4
The destroyer casts a spell at you.
The destroyer blinks!
You hear a shout! x5; You hear a horrible gurgling sound!
You hear a shout!
Your base Short Blades skill increases to level 25!
You have mastered Throwing!
Your Armour skill increases to level 25!
You have mastered Shields!
Your Necromancy skill increases to level 25!
A meat berserker comes into view. It is wielding a +9 battleaxe.
Unknown command.
Unknown command.
You are too injured to fight recklessly!
You dice the meat berserker like an onion!!!!!
You slaughter the meat berserker joyfully.
You kill the meat berserker!
Makhleb accepts your kill.
You are engulfed in blazing flames.
You hear a shout! x5
The Servant hits you from afar with a +9 glaive of flaming!!!!
* * * LOW HITPOINT WARNING * * *
The Servant burns you!
You die...

.. .Vo.... ..
o.... #. ....#
#.. ...# ..
.###.. ...###oM.
......###........
......._V§OV...oo
#.☼°☼)# #_○<@_#
#.°☼§)#
.....@_O........
.....{###o..o....
.###.. ...###.O.
#.. X§.# .. #..
....# .. .....
.......


You could see an accursed, The Servant, 2 destroyers, a large bag of meat (inner
flame), 2 meat berserkers and 3 bags of meat.

Vanquished Creatures
  9 hell beasts (D)
  3 royal mummies (D)
  A great orb of eyes (D)
  A wraith (D)
  12 vampire knights (D)
  39 ogres (D)
  6 two-headed ogres (D)
  3 liches (D)
  A hydra (D)
  41 orcs (D)
  6 skeletal warriors (D)
122 creatures vanquished.

Notes
Turn   | Place    | Note
-------+----------+-------------------------------------------
     0 | D        | Found the +∞ Axe of Woe
     0 | D        | Zeld the Troll Monk began the quest for the Orb.
     0 | D        | Reached XP level 1. HP: 22/22 MP: 0/0
     1 | D        | Noticed a bag of meat
     1 | D        | Noticed a bag of meat
     2 | D        | Noticed a bag of meat
     2 | D        | Noticed a bag of meat
     3 | D        | Noticed a meat berserker
     3 | D        | Noticed a meat berserker
     3 | D        | Noticed a bag of meat
     4 | D        | Became a worshipper of Makhleb the Destroyer
     4 | D        | Reached * piety under Makhleb
     4 | D        | Reached ** piety under Makhleb
     4 | D        | Noticed a meat berserker
     4 | D        | Noticed a bag of meat
     5 | D        | Killed a bag of meat
     5 | D        | Killed a meat berserker
     5 | D        | Noticed a meat berserker
     5 | D        | Noticed a meat berserker
     5 | D        | Noticed a meat berserker
     6 | D        | Reached skill level 15 in Fighting
     6 | D        | Reached skill level 15 in Dodging
     6 | D        | Reached XP level 2. HP: 58/58 MP: 1/1
     6 | D        | Reached XP level 3. HP: 66/66 MP: 2/2
     6 | D        | Reached XP level 4. HP: 75/75 MP: 3/3
     6 | D        | Reached XP level 5. HP: 83/83 MP: 4/4
     6 | D        | Reached XP level 6. HP: 92/92 MP: 5/5
     6 | D        | Reached XP level 7. HP: 100/100 MP: 6/6
     6 | D        | Reached XP level 8. HP: 110/110 MP: 7/7
     6 | D        | Reached XP level 9. HP: 118/118 MP: 8/8
     6 | D        | Reached XP level 10. HP: 127/127 MP: 9/9
     6 | D        | Reached XP level 11. HP: 135/135 MP: 10/10
     6 | D        | Reached XP level 12. HP: 144/144 MP: 11/11
     6 | D        | Killed a bag of meat
     6 | D        | Killed a meat berserker
     6 | D        | Reached *** piety under Makhleb
     7 | D        | Reached skill level 10 in Axes
     7 | D        | Reached skill level 5 in Stealth
     7 | D        | Reached XP level 13. HP: 158/158 MP: 12/12
     7 | D        | Killed a bag of meat
     7 | D        | Killed a meat berserker
     7 | D        | Killed a bag of meat
     7 | D        | Reached **** piety under Makhleb
     8 | D        | Reached XP level 14. HP: 175/175 MP: 13/13
     8 | D        | Killed a meat berserker
     8 | D        | Killed a meat berserker
     8 | D        | Killed a bag of meat
     8 | D        | Noticed a meat berserker
     8 | D        | Noticed a bag of meat
     9 | D        | Reached XP level 15. HP: 158/189 MP: 14/14
     9 | D        | Killed a meat berserker
     9 | D        | Reached ***** piety under Makhleb
    10 | D        | Reached XP level 16. HP: 202/202 MP: 15/15
    11 | D        | Noticed a meat berserker
    13 | D        | Killed a meat berserker
    14 | D        | Noticed a meat berserker
    14 | D        | Noticed a meat berserker
    15 | D        | Noticed a meat berserker
    17 | D        | Killed a meat berserker
    17 | D        | Noticed a meat berserker
    18 | D        | Reached XP level 17. HP: 217/217 MP: 16/16
    18 | D        | Noticed a large bag of meat
    18 | D        | Killed a meat berserker
    19 | D        | Reached skill level 27 in Unarmed Combat
    19 | D        | Noticed a large bag of meat
    19 | D        | Noticed a meat berserker
    19 | D        | Noticed a meat berserker
    20 | D        | Noticed a meat berserker
    20 | D        | Killed a meat berserker
    20 | D        | Reached ****** piety under Makhleb
    20 | D        | Noticed a meat berserker
    21 | D        | Reached skill level 27 in Fighting
    21 | D        | Reached skill level 27 in Axes
    21 | D        | Reached XP level 18. HP: 236/236 MP: 17/17
    21 | D        | Killed a meat berserker
    23 | D        | Reached skill level 27 in Dodging
    25 | D        | Killed a large bag of meat
    26 | D        | Killed a meat berserker
    26 | D        | Noticed a destroyer
    27 | D        | Reached XP level 19. HP: 200/245 MP: 18/18
    27 | D        | Killed a meat berserker
    27 | D        | Killed a meat berserker
    28 | D        | Noticed an eight-headed meat hydra
    28 | D        | Killed a meat berserker
    29 | D        | Killed a large bag of meat
    30 | D        | Reached skill level 27 in Stealth
    30 | D        | Reached XP level 20. HP: 98/256 MP: 19/19
    30 | D        | Killed a meat berserker
    31 | D        | Noticed a meat berserker
    31 | D        | Killed a nine-headed meat hydra
    33 | D        | Killed a destroyer
    34 | D        | Reached skill level 5 in Short Blades
    34 | D        | Reached skill level 5 in Long Blades
    34 | D        | Reached skill level 5 in Polearms
    34 | D        | Reached skill level 5 in Staves
    34 | D        | Reached skill level 5 in Armour
    34 | D        | Reached skill level 5 in Hexes
    34 | D        | Reached skill level 5 in Necromancy
    34 | D        | Reached skill level 5 in Fire Magic
    34 | D        | Reached skill level 5 in Ice Magic
    34 | D        | Reached skill level 5 in Air Magic
    34 | D        | Reached skill level 5 in Poison Magic
    34 | D        | Reached skill level 5 in Evocations
    34 | D        | Noticed a destroyer
    35 | D        | Reached skill level 5 in Conjurations
    35 | D        | Reached skill level 5 in Summonings
    35 | D        | Reached skill level 5 in Translocations
    35 | D        | Reached skill level 5 in Transmutations
    36 | D        | Reached skill level 5 in Ranged Weapons
    37 | D        | Killed a meat berserker
    38 | D        | Reached skill level 5 in Spellcasting
    38 | D        | Reached XP level 21. HP: 265/265 MP: 20/28
    40 | D        | Killed a destroyer
    40 | D        | Noticed a destroyer
    41 | D        | Reached skill level 10 in Earth Magic
    41 | D        | Reached skill level 10 in Invocations
    44 | D        | Killed a destroyer
    45 | D        | Noticed a tyrant
    46 | D        | Noticed an accursed
    46 | D        | Noticed an accursed
    47 | D        | Reached skill level 10 in Maces & Flails
    47 | D        | Reached skill level 10 in Throwing
    47 | D        | Reached skill level 10 in Shields
    47 | D        | Reached XP level 22. HP: 275/275 MP: 21/31
    48 | D        | Killed a tyrant
    49 | D        | Reached skill level 10 in Fire Magic
    49 | D        | Reached skill level 10 in Ice Magic
    49 | D        | Reached skill level 10 in Poison Magic
    49 | D        | Reached skill level 10 in Evocations
    50 | D        | Noticed a destroyer
    50 | D        | Noticed a destroyer
    52 | D        | Killed an accursed
    53 | D        | Reached skill level 10 in Short Blades
    53 | D        | Reached skill level 10 in Long Blades
    53 | D        | Reached skill level 10 in Polearms
    53 | D        | Reached skill level 10 in Staves
    53 | D        | Reached skill level 10 in Armour
    53 | D        | Reached skill level 10 in Conjurations
    53 | D        | Reached skill level 10 in Hexes
    53 | D        | Reached skill level 10 in Summonings
    53 | D        | Reached skill level 10 in Necromancy
    53 | D        | Reached skill level 10 in Translocations
    53 | D        | Reached skill level 10 in Transmutations
    53 | D        | Reached skill level 10 in Air Magic
    54 | D        | Killed a destroyer
    55 | D        | Reached skill level 10 in Ranged Weapons
    55 | D        | Reached XP level 23. HP: 284/284 MP: 23/35
    55 | D        | Noticed a destroyer
    57 | D        | Noticed a tyrant
    57 | D        | Noticed a destroyer
    58 | D        | Killed an accursed
    59 | D        | Reached skill level 10 in Spellcasting
    59 | D        | Reached skill level 15 in Earth Magic
    59 | D        | Reached skill level 15 in Invocations
    59 | D        | Killed a destroyer
    59 | D        | Noticed a large bag of meat
    60 | D        | Reached XP level 24. HP: 295/295 MP: 24/36
    61 | D        | Killed a destroyer
    62 | D        | Reached skill level 15 in Maces & Flails
    62 | D        | Reached skill level 15 in Throwing
    62 | D        | Reached skill level 15 in Shields
    62 | D        | Noticed a meat beast
    62 | D        | Noticed a destroyer
    63 | D        | Killed a destroyer
    64 | D        | Killed a tyrant
    64 | D        | Noticed a meat beast
    65 | D        | Killed a large bag of meat
    65 | D        | Killed a destroyer
    66 | D        | Reached skill level 15 in Short Blades
    66 | D        | Reached skill level 15 in Long Blades
    66 | D        | Reached skill level 15 in Polearms
    66 | D        | Reached skill level 15 in Staves
    66 | D        | Reached skill level 15 in Armour
    66 | D        | Reached skill level 15 in Necromancy
    66 | D        | Reached skill level 15 in Fire Magic
    66 | D        | Reached skill level 15 in Ice Magic
    66 | D        | Reached skill level 15 in Poison Magic
    66 | D        | Reached skill level 15 in Evocations
    66 | D        | Reached XP level 25. HP: 233/304 MP: 26/38
    68 | D        | Noticed an accursed
    68 | D        | Noticed a dread
    68 | D        | Noticed a destroyer
    70 | D        | Reached skill level 15 in Hexes
    70 | D        | Reached skill level 15 in Air Magic
    70 | D        | Noticed a meat beast
    70 | D        | Killed a destroyer
    70 | D        | Noticed a destroyer
    71 | D        | Reached skill level 15 in Conjurations
    71 | D        | Reached skill level 15 in Summonings
    71 | D        | Reached skill level 15 in Translocations
    71 | D        | Reached skill level 15 in Transmutations
    71 | D        | Noticed a destroyer
    72 | D        | Killed a meat beast
    72 | D        | Noticed a large bag of meat
    73 | D        | Reached XP level 26. HP: 174/314 MP: 28/39
    73 | D        | Killed a meat beast
    74 | D        | Reached skill level 15 in Ranged Weapons
    74 | D        | Killed a meat beast
    74 | D        | Killed a dread
    75 | D        | Reached XP level 27. HP: 292/323 MP: 28/40
    75 | D        | Noticed a large bag of meat
    75 | D        | Noticed a meat beast
    76 | D        | Reached skill level 15 in Spellcasting
    76 | D        | Noticed a meat beast
    77 | D        | Killed an accursed
    77 | D        | Killed a destroyer
    77 | D        | Noticed a meat beast
    77 | D        | Noticed a large bag of meat
    77 | D        | Noticed a meat beast
    78 | D        | Killed a large bag of meat
    79 | D        | Killed a meat beast
    79 | D        | Noticed a meat beast
    80 | D        | Killed a meat beast
    81 | D        | Killed a meat beast
    81 | D        | Killed a meat beast
    82 | D        | Killed a destroyer
    82 | D        | Killed a large bag of meat
    82 | D        | Noticed a destroyer
    83 | D        | Killed a meat beast
    83 | D        | Noticed a destroyer
    84 | D        | Reached skill level 27 in Earth Magic
    84 | D        | Reached skill level 27 in Invocations
    84 | D        | Noticed a meat beast
    84 | D        | Noticed a tyrant
    85 | D        | Noticed a large bag of meat
    86 | D        | Killed a large bag of meat
    87 | D        | Killed a meat beast
    87 | D        | Noticed a destroyer
    87 | D        | Noticed The Servant
    89 | D        | Killed a tyrant
    89 | D        | Killed a destroyer
    90 | D        | Noticed an accursed
    91 | D        | Reached skill level 27 in Throwing
    91 | D        | Reached skill level 27 in Shields
    91 | D        | HP: 13/323 [The Servant/+9 glaive of flaming (93)]
    91 | D        | Slain by The Servant

Illustrated notes

Levels and vault maps discovered:
D:        meatsprint

Skill      XL: |  1  2  3  4  5  6  7  8  9 10 11 12 13 14 15 16 17 18 19 20 21 22 23 24 25 26 27 |
---------------+----------------------------------------------------------------------------------+-----
Fighting       | 15 18 20 21 22 24 27 | 27.0
Axes           | 6 10 14 18 20 23 27 | 27.0
Dodging        | 15 17 19 21 22 24 27 | 27.0
Stealth        | 4 5 6 7 8 21 27 | 27.0
Unarmed Combat | 17 19 21 23 24 26 27 | 27.0
Short Blades   | 7 9 12 13 15 17 19 25 | 25.0
Long Blades    | 7 9 12 13 15 17 19 24 | 24.7
Maces & Flails | 7 10 13 14 16 18 20 26 | 26.6
Polearms       | 7 9 12 13 15 17 19 24 | 24.7
Staves         | 7 9 11 13 15 17 19 24 | 24.7
Ranged Weapons | 5 7 10 11 13 14 16 21 | 21.2
Throwing       | 7 10 13 14 16 18 20 27 | 27.0
Armour         | 7 9 11 13 15 17 19 25 | 25.0
Shields        | 7 10 13 14 16 18 20 27 | 27.0
Spellcasting   | 5 7 9 10 12 13 14 19 | 19.9
Conjurations   | 6 8 11 12 14 15 17 23 | 23.2
Hexes          | 6 8 11 12 14 16 17 23 | 23.4
Summonings     | 6 8 11 12 14 15 17 23 | 23.2
Necromancy     | 7 9 12 13 15 17 19 25 | 25.0
Translocations | 6 8 11 12 14 15 17 23 | 23.2
Transmutations | 6 8 11 12 14 15 17 23 | 23.2
Fire Magic     | 7 9 12 13 15 17 19 25 | 25.2
Ice Magic      | 7 9 12 13 15 17 19 25 | 25.2
Air Magic      | 6 8 11 12 14 16 17 23 | 23.4
Earth Magic    | 8 11 14 16 18 20 22 27 | 27.0
Poison Magic   | 7 9 12 13 15 17 19 25 | 25.2
Invocations    | 8 11 14 16 18 20 22 27 | 27.0
Evocations     | 7 9 12 13 15 17 19 25 | 25.2

Action                   |  1- 3 |  4- 6 |  7- 9 | 10-12 | 13-15 | 16-18 | 19-21 | 22-24 | 25-27 || total
-------------------------+-------+-------+-------+-------+-------+-------+-------+-------+-------++-------
Melee: Executioner's axe |     1 |       |       |     1 |     3 |    11 |    15 |    11 |    22 ||    64
Armor: Robe              |       |       |       |       |       |       |       |       |     2 ||     2
Dodge: Dodged            |       |       |       |     1 |       |       |       |     2 |     3 ||     6
